 Dungeon Crawl Stone Soup version 0.27.1-4-g1640c2035a (webtiles) character file.

Game seed: 10410020331567589463

66443 DearestLeader the Severer (level 14, -2/124 HPs)
             Began as a Minotaur Fighter on Nov 1, 2021.
             Was a High Priest of Okawaru.
             Killed by divine providence
             ... invoked by an orc priest
              (12 damage)
             ... on level 2 of the Orcish Mines.
             The game lasted 00:42:15 (26320 turns).

DearestLeader the Severer (Minotaur Fighter)       Turns: 26320, Time: 00:42:15

Health: -2/124     AC: 21    Str: 24    XL:     14   Next: 79%
Magic:  20/20      EV:  9    Int:  7    God:    Okawaru [*****.]
Gold:   1606       SH: 19    Dex: 10    Spells: 13/13 levels left

rFire    + . .     SeeInvis +   D - +1 broad axe (flame)
rCold    . . .     Faith    .   c - +0 kite shield
rNeg     . . .     Spirit   .   n - +0 plate armour
rPois    +         Reflect  +   L - +1 hat {SInv}
rElec    .         Harm     .   A - +0 cloak {Stlth+}
rCorr    .         Rampage  .   o - +0 pair of gloves
Will     +....                  I - +0 pair of boots
Stlth    ..........             h - amulet of reflection
HPRegen  0.30/turn              G - ring of poison resistance
MPRegen  0.17/turn              a - ring of protection from fire

@: no status effects
A: horns 2, retaliatory headbutt
a: Renounce Religion, Heroism, Finesse


You were on level 2 of the Orcish Mines.
You worshipped Okawaru.
Okawaru was extremely pleased with you.
You visited 3 branches of the dungeon, and saw 20 of its levels.
You also visited: Sewer and Volcano.

You collected 1762 gold pieces.
You spent 156 gold pieces at shops.

Inventory:

Hand Weapons
 u - a +0 hand crossbow
 D - a +1 broad axe of flaming (weapon)
 V - a +2 vampiric broad axe
Missiles
 i - a throwing net
 J - 85 bolts
 R - 9 javelins (quivered)
Armour
 c - a +0 kite shield (worn)
 n - a +0 plate armour (worn)
 o - a +0 pair of gloves (worn)
 A - a +0 cloak of stealth (worn)
 I - a +0 pair of boots (worn)
 L - a +1 hat of see invisible (worn)
Jewellery
 a - a ring of protection from fire (right hand)
 h - an amulet of reflection (around neck)
 p - a +6 ring of strength
 G - a ring of poison resistance (left hand)
 N - a ring of ice
 P - a ring of willpower
 S - a ring of magical power
Wands
 b - a wand of polymorph (18)
 e - a wand of acid (6)
 r - a wand of iceblast (25)
 w - a wand of paralysis (13)
 H - a wand of charming (12)
 Z - a wand of digging (7)
Scrolls
 g - 5 scrolls of teleportation
 j - a scroll of enchant weapon {unknown}
 s - a scroll of amnesia
 y - a scroll of brand weapon
 O - 3 scrolls of fog
 W - a scroll of fear
 X - 2 scrolls of magic mapping
 Y - 2 scrolls of silence
Potions
 d - 5 potions of might
 f - 2 potions of haste
 k - 2 potions of cancellation
 l - a potion of flight {unknown}
 m - a potion of brilliance {unknown}
 q - 5 potions of curing
 t - 2 potions of resistance
 v - 8 potions of invisibility
 x - 5 potions of heal wounds
 z - a potion of mutation {unknown}
 C - 2 potions of ambrosia {unknown}
 K - 5 potions of lignification {unknown}
 T - a potion of magic {unknown}


   Skills:
 + Level 11.0 Fighting
 * Level 17.3 Axes
 + Level 13.1 Armour
 - Level 6.0 Dodging
 * Level 14.8 Shields
 - Level 10.0 Invocations


You had 13 spell levels left.
You didn't know any spells.
Your spell library contained the following spells:

 Spells                   Type           Power      Damage    Failure   Level
 Animate Skeleton         Necr           0%         N/A       99%         1
 Beastly Appendage        Tmut           0%         N/A       99%         1
 Corona                   Hex            0%         N/A       99%         1
 Pain                     Necr           0%         1d4       99%         1
 Sandblast                Erth           0%         2d4       99%         1
 Corpse Rot               Necr/Air       N/A        N/A       100%        2
 Ensorcelled Hibernation  Hex/Ice        0%         N/A       100%        2
 Passwall                 Tmut/Erth      0%         N/A       100%        2
 Slow                     Hex            0%         N/A       100%        2
 Wereblood                Tmut           0%         N/A       100%        2
 Confusing Touch          Hex            0%         N/A       100%        3
 Gell's Gravitas          Tloc           0%         N/A       100%        3
 Lesser Beckoning         Tloc           0%         N/A       100%        3
 Spider Form              Tmut/Pois      0%         N/A       100%        3
 Swiftness                Air            0%         N/A       100%        3
 Teleport Other           Tloc           0%         N/A       100%        3
 Tukima's Dance           Hex            0%         N/A       100%        3
 Vampiric Draining        Necr           0%         2d6       100%        3
 Dispel Undead            Necr           0%         3d6       100%        4
 Alistair's Intoxication  Tmut/Pois      0%         N/A       100%        5
 Borgnjor's Vile Clutch   Necr/Erth      0%         N/A       100%        5
 Lee's Rapid Deconstruct  Erth           0%         3d5*      100%        5
 Death Channel            Necr           0%         N/A       100%        6
 Eringya's Noxious Bog    Tmut/Pois      0%         N/A       100%        6
 Invisibility             Hex            0%         N/A       100%        6


Dungeon Overview and Level Annotations

Branches:
Dungeon (12/15)            Temple (0/1) D:7            Lair (6/6) D:9
  Swamp (0/4) Lair:4        Snake (0/4) Lair:2        Slime (0/5) Lair:6
    Orc (2/2) D:12            Elf (0/3) Orc:2         Sewer (visited)
Volcano (visited)

Altars:
Ashenzari
Cheibriados
Elyvilon
Fedhas
Gozag
Kikubaaqudgha
Nemelex Xobeh
Okawaru
Ru
Trog
Xom
Yredelemnul
Zin
Beogh
Jiyva

Shops:
D:2 [   D:7 (

Annotations:
D:6 2 runed translucent doors, Eitelfritz's ghost, novice MfGl
D:8 1 runed translucent door, Flure's ghost, novice HuNe
D:9 6 runed translucent doors
Lair:1 2 transporters, 1 runed translucent door, exclusion: oklob plant, kalagan's ghost, novice DECj
Lair:6 exclusion: obsidian statue
Orc:1 Gastronok


Innate Abilities, Weirdness & Mutations

You have a pair of horns on your head.
You reflexively headbutt those who attack you in melee.


Message History

The orc wizard is moderately wounded.
You miss the orc wizard.
The orc wizard gestures at you while chanting.
You resist with almost no effort.
You completely miss the orc wizard. You hit the orc wizard.
You burn the orc wizard. The orc wizard barely misses you.
You miss the orc wizard.
The orc wizard is heavily wounded.
You hit the orc wizard but do no damage.
The orc wizard hits you but does no damage. x2
The orc wizard hits you but does no damage.
You feel less confused.
The orc priest calls down the wrath of Beogh upon you.
Beogh smites you!
* * * LOW HITPOINT WARNING * * *
You block the orc priest's attack.
The orc wizard mumbles some strange words.
The orc wizard flickers and vanishes for a moment.
The orc wizard barely misses you. You furiously retaliate!
You headbutt the orc wizard, but do no damage.
Things that are here:
a +0 leather armour; a +0 club You barely miss the orc wizard.
Your headbutt misses the orc wizard.
The orc wizard is moderately wounded.
You hit the orc priest. You burn the orc priest. You slash the orc warrior!
You burn the orc warrior. You closely miss the orc wizard.
You block the orc warrior's attack.
The orc priest hits you with a +0 hand axe.
* * * LOW HITPOINT WARNING * * *
You block the orc wizard's attack. You block the orc wizard's attack.
The orc wizard barely misses you.
Things that are here:
a +0 falchion; a +0 hand axe The orc priest begins to cast a cantrip, but forgets the words!
The orc priest invokes the aid of Beogh against you.
Beogh smites you!
* * * LOW HITPOINT WARNING * * *
The orc priest mumbles some strange prayers to Beogh against you.
Beogh smites you!
You die...

.............#...........
.......................#
..........o............#
.##.................#..##
.##.........)[..........#
............o)...)).....#
..............o..[[.#..##
................o)[....##
...#.........)oo@.......#
...#..#.....)[....#..<.##
..#..............))...##
.###.............<)....#
## ##.#.............#.##
# ##.....#.........###
#.....#......._...#
##.....#...........#
###..#...........##


You could see an orc warrior, 2 orc priests and 3 orc wizards.

Vanquished Creatures
  Donald (Orc:2)
  A minotaur (Lair:5)
  The ghost of Panli the Archer, a journeyman CeAM of Okawaru (Lair:5)
  Snorg (D:10)
  2 dire elephants (Lair:6)
  Fannar (D:10)
  3 boulder beetles
  9 hydras
  3 two-headed ogres
  4 death yaks
  2 orc high priests (Orc:2)
  Sonja (Orc:2)
  2 skeletal warriors (Volcano)
  A spectral death yak (Lair:6)
  A spectral anaconda (Lair:6)
  3 necromancers (Lair:6)
  2 orc knights (Orc:2)
  3 anaconda skeletons (Volcano)
  A deep elf zephyrmancer (D:8)
  A deep elf pyromancer (D:11)
  A cyclops (D:12)
  An orc sorcerer (Orc:2)
  A manticore (D:11)
  An ugly thing (D:12)
  A dire elephant zombie (Lair:6)
  4 elephants (Lair:6)
  4 black mambas
  6 gargoyles
  15 cane toads
  A dire elephant skeleton (Lair:6)
  An unseen horror (D:11)
  6 rime drakes
  5 komodo dragons
  2 trolls (D:12)
  A tyrant leech (Lair:4)
  A jumping spider (D:9)
  A polar bear (Lair:1)
  A harpy skeleton (Volcano)
  22 blink frogs
  4 slime creatures
  4 dream sheep (Lair:5)
  A spectral elephant (Lair:6)
  A flying skull (Volcano)
  A spriggan (Lair:3)
  2 redbacks (D:9)
  An alligator skeleton (Volcano)
  2 shadows (D:11)
  35 yaks
  5 wyverns
  A vampire (D:10)
  Eustachio (D:5)
  A hog (shapeshifter) (D:12)
  2 basilisks
  2 steam dragons
  A human (D:12)
  Menkaure (D:7)
  3 nagas (Lair:2)
  2 wargs
  2 acid dragons
  A swamp worm (Lair:4)
  12 water moccasins
  2 sky beasts
  2 elephant zombies (Lair:6)
  20 orc warriors
  2 black bears
  An ice beast (D:5)
  3 necrophages
  An ogre (D:7)
  A centaur (D:10)
  19 wolves
  2 kobold brigands
  A phantom (D:5)
  A gnoll sergeant (D:5)
  11 bullfrogs
  A scorpion (D:6)
  2 wyvern zombies
  2 wyvern skeletons (D:7)
  A water moccasin skeleton (D:4)
  6 killer bees (D:8)
  2 elephant simulacra (Lair:6)
  13 wights
  2 howler monkeys
  A spriggan skeleton (Volcano)
  An electric eel (Lair:2)
  A centaur zombie (D:5)
  2 jellies
  4 hounds (D:5)
  A bullfrog skeleton (D:5)
  19 orc priests
  An iguana (D:5)
  Ijyb (D:3)
  6 hell rats
  Natasha (thrice) (D:3)
  18 orc wizards
  5 naga skeletons (Volcano)
  A howler monkey zombie (D:6)
  9 gnolls
  12 adders
  7 river rats
  2 white imps
  A worm (D:3)
  2 dart slugs (D:1)
  59 orcs
  8 ball pythons
  7 bats
  7 endoplasms
  6 giant cockroaches
  12 goblins
  5 hobgoblins
  11 kobolds
  4 quokkas
  12 frilled lizards
  4 rats (D:1)
  A bush (Lair:3)
531 creatures vanquished.

Vanquished Creatures (others)
  2 flying skulls (Volcano)
  An orc wizard (D:7)
  A kobold (D:3)
  A bush (Lair:6)
  41 fungi
  120 plants
  8 toadstools (Lair:1)
  30 withered plants (Lair:6)
204 creatures vanquished.

Grand Total: 735 creatures vanquished

Notes
Turn   | Place    | Note
-------+----------+-------------------------------------------
     0 | D:1      | DearestLeader the Minotaur Fighter began the quest for the
                  | Orb.
     0 | D:1      | Reached XP level 1. HP: 19/19 MP: 0/0
   208 | D:1      | Reached XP level 2. HP: 25/27 MP: 1/1
   343 | D:1      | Reached skill level 3 in Axes
   596 | D:1      | Reached XP level 3. HP: 33/33 MP: 2/2
   969 | D:2      | Found a faded altar of an unknown god.
  1576 | D:2      | Found Zitsudoz's Antique Armour Emporium.
  1660 | D:2      | Reached skill level 4 in Axes
  1798 | D:3      | Reached XP level 4. HP: 40/40 MP: 3/3
  2317 | D:3      | Found a shimmering altar of Xom.
  2322 | D:3      | Noticed Natasha
  2335 | D:3      | Killed Natasha
  2336 | D:3      | Reached XP level 5. HP: 17/46 MP: 4/4
  2673 | D:3      | Found a snail-covered altar of Cheibriados.
  2722 | D:3      | Noticed Natasha
  2725 | D:3      | Killed Natasha
  2726 | D:3      | Reached skill level 5 in Axes
  2737 | D:3      | Noticed Natasha
  2744 | D:3      | Killed Natasha
  2889 | D:3      | Found an iron altar of Okawaru.
  2894 | D:3      | Became a worshipper of Warmaster Okawaru
  2917 | D:3      | Noticed Ijyb
  2926 | D:3      | Killed Ijyb
  3048 | D:3      | Reached skill level 5 in Shields
  3337 | D:4      | Noticed a necrophage
  3345 | D:4      | Killed a necrophage
  3346 | D:4      | Reached skill level 5 in Armour
  3346 | D:4      | Reached XP level 6. HP: 48/52 MP: 5/5
  3484 | D:4      | Reached skill level 6 in Axes
  3531 | D:4      | Reached * piety under Okawaru
  3556 | D:4      | Found a bloodstained altar of Trog.
  3874 | D:5      | Entered Level 5 of the Dungeon
  4047 | D:5      | Noticed Eustachio
  4067 | D:5      | Killed Eustachio
  4068 | D:5      | Reached skill level 1 in Invocations
  4068 | D:5      | Reached XP level 7. HP: 34/59 MP: 6/6
  4269 | D:5      | Found an ancient bone altar of Kikubaaqudgha.
  4325 | D:5      | Reached skill level 7 in Axes
  4571 | D:5      | Reached ** piety under Okawaru
  4838 | D:5      | Reached XP level 8. HP: 66/66 MP: 8/8
  4929 | D:5      | Reached skill level 8 in Axes
  5268 | D:6      | Found a sacrificial altar of Ru.
  5481 | D:6      | Found a blossoming altar of Fedhas.
  5504 | D:6      | Found a glowing drain.
  5517 | Sewer    | Entered a sewer
  6341 | D:6      | Found a runed translucent door.
  6343 | D:6      | Noticed Eitelfritz's ghost (novice MfGl)
  6373 | D:6      | Reached skill level 9 in Axes
  6380 | D:6      | Found a runed translucent door.
  6494 | D:7      | Found a staircase to the Ecumenical Temple.
  6718 | D:7      | Found Cauduck's Hydra Hut.
  6721 | D:7      | Noticed a four-headed hydra
  6722 | D:7      | Noticed Menkaure
  6729 | D:7      | Killed Menkaure
  6729 | D:7      | Reached *** piety under Okawaru
  6730 | D:7      | Reached XP level 9. HP: 54/71 MP: 9/11
  6814 | D:7      | Bought a +1 broad axe of flaming for 156 gold pieces
  7191 | D:7      | Reached skill level 10 in Axes
  7865 | D:8      | Found a runed translucent door.
  7865 | D:8      | Noticed a polar bear
  7868 | D:8      | Identified the +6 trident of the Wasteland {holy, Int+2}
  7870 | D:8      | Noticed Flure's ghost (novice HuNe)
  7995 | D:8      | Reached skill level 5 in Invocations
  8072 | D:8      | Reached **** piety under Okawaru
  8076 | D:8      | Reached skill level 11 in Axes
  8428 | D:8      | Noticed a deep elf zephyrmancer
  8434 | D:8      | Killed a deep elf zephyrmancer
  8435 | D:8      | Reached XP level 10. HP: 51/78 MP: 13/13
  8878 | D:9      | Found an opulent altar of Gozag.
  8937 | D:9      | Noticed a death yak
  8940 | D:9      | Noticed a death yak
  9115 | D:9      | Noticed a death yak
  9131 | D:9      | Killed a death yak
  9131 | D:9      | Reached ***** piety under Okawaru
  9139 | D:8      | Killed a death yak
  9140 | D:8      | Reached skill level 12 in Axes
  9363 | D:9      | Killed a death yak
  9364 | D:9      | Reached skill level 5 in Fighting
  9383 | D:9      | Found a staircase to the Lair.
  9470 | D:9      | Found a sparkling altar of Nemelex Xobeh.
  9488 | D:9      | Found a white marble altar of Elyvilon.
  9504 | D:9      | Found a broken altar of Ashenzari.
  9561 | D:9      | Noticed a two-headed ogre
  9579 | D:9      | Killed a two-headed ogre
  9845 | D:9      | Found a basalt altar of Yredelemnul.
  9930 | D:9      | Found a runed translucent door.
 10177 | D:9      | Identified the +7 hand axe of the Hawk {elec, rPois rC+}
                  | (Okawaru gifted it to you on level 9 of the Dungeon)
 10177 | D:9      | Received a gift from Okawaru
 10231 | D:9      | Found a runed translucent gate.
 10233 | D:9      | Found a runed translucent gate.
 10234 | D:9      | Found a runed translucent gate.
 10234 | D:9      | Found a runed translucent gate.
 10234 | D:9      | Found a runed translucent gate.
 10234 | D:9      | Noticed a boulder beetle
 10234 | D:9      | Noticed a lindwurm
 10240 | D:9      | Found a runed translucent gate.
 10240 | D:9      | Noticed a boulder beetle
 10246 | D:9      | Reached XP level 11. HP: 89/89 MP: 15/15
 10303 | Lair:1   | Entered Level 1 of the Lair of Beasts
 10327 | Lair:1   | Noticed an eight-headed hydra
 10334 | Lair:1   | Killed a five-headed hydra
 10370 | Lair:1   | Reached skill level 10 in Armour
 10619 | Lair:1   | Found a transporter.
 10627 | Lair:1   | Noticed an oklob plant
 10699 | Lair:1   | Reached skill level 10 in Shields
 10765 | Lair:1   | Noticed a catoblepas
 10765 | Lair:1   | Noticed a dire elephant
 10787 | Lair:1   | Found a runed translucent door.
 10841 | Lair:1   | Reached skill level 13 in Axes
 11290 | Lair:1   | Found a transporter.
 11293 | Lair:1   | Noticed kalagan's ghost (novice DECj)
 12433 | Lair:2   | Received a gift from Okawaru
 12516 | Lair:2   | Noticed a seven-headed hydra
 12551 | Lair:2   | Killed a two-headed hydra
 12613 | Lair:2   | Reached skill level 14 in Axes
 12847 | Lair:2   | Found a staircase to the Snake Pit.
 13051 | Lair:2   | Identified the +7 mace of the Dragonfly {elec, +Blink Will-
                  | Str+3}
 13103 | Lair:2   | Reached XP level 12. HP: 100/100 MP: 16/16
 14102 | Lair:3   | Reached ****** piety under Okawaru
 14102 | Lair:3   | Received a gift from Okawaru
 14111 | Lair:3   | Reached skill level 1 in Dodging
 15425 | Lair:4   | Received a gift from Okawaru
 15427 | Lair:4   | Noticed a seven-headed hydra
 15440 | Lair:4   | Killed a four-headed hydra
 15440 | Lair:4   | Noticed a six-headed hydra
 15441 | Lair:4   | Reached skill level 15 in Axes
 15441 | Lair:4   | Noticed a four-headed hydra
 15469 | Lair:4   | Killed a three-headed hydra
 15472 | Lair:4   | Killed a one-headed hydra
 15511 | Lair:4   | Found a dark tunnel.
 15528 | Volcano  | Entered a volcano
 15837 | Volcano  | Reached XP level 13. HP: 84/110 MP: 18/18
 16589 | Lair:4   | Found a staircase to the Swamp.
 17549 | Lair:5   | Received a gift from Okawaru
 17735 | Lair:5   | Noticed Panli's ghost (journeyman CeAM)
 17735 | Lair:5   | Noticed a minotaur
 17830 | Lair:5   | Found a runed translucent gate.
 17830 | Lair:5   | Found a runed translucent gate.
 17831 | Lair:5   | Found a runed translucent gate.
 18329 | Lair:5   | Killed Panli's ghost
 18375 | Lair:5   | Killed a minotaur
 18725 | Lair:6   | Entered Level 6 of the Lair of Beasts
 18743 | Lair:6   | Noticed a dire elephant
 18743 | Lair:6   | Noticed a dire elephant
 19276 | Lair:6   | Reached skill level 16 in Axes
 19390 | Lair:6   | Reached skill level 5 in Dodging
 20219 | Lair:6   | Found a viscous altar of Jiyva.
 20220 | Lair:6   | Found a staircase to the Slime Pits.
 20414 | Lair:6   | Reached skill level 10 in Fighting
 20414 | Lair:6   | Reached XP level 14. HP: 96/118 MP: 20/20
 20854 | Lair:6   | Received a gift from Okawaru
 21449 | D:10     | Entered Level 10 of the Dungeon
 21678 | D:10     | Noticed Fannar
 21688 | D:10     | Killed Fannar
 22075 | D:10     | Found a glowing silver altar of Zin.
 22098 | D:10     | Noticed Snorg
 22114 | D:10     | Killed Snorg
 23485 | D:11     | Identified the +1 scale mail of Koesaur {Regen+}
 24262 | D:12     | Reached skill level 10 in Invocations
 24344 | D:12     | Found a staircase to the Orcish Mines.
 25046 | D:12     | Reached skill level 17 in Axes
 25307 | Orc:1    | Entered Level 1 of the Orcish Mines
 25486 | Orc:2    | Entered Level 2 of the Orcish Mines
 25488 | Orc:2    | Noticed Sonja
 25499 | Orc:2    | Killed Sonja
 25522 | Orc:2    | Received a gift from Okawaru
 25789 | Orc:2    | Found a staircase to the Elven Halls.
 25919 | Orc:2    | Noticed Donald
 25944 | Orc:2    | Killed Donald
 26284 | Orc:1    | Noticed Gastronok
 26320 | Orc:2    | Killed from afar by an orc priest

Illustrated notes

Levels and vault maps discovered:
D:1:      dpeg_arrival_simpleton_b, layout_basic
D:2:      layout_loops_corners, basic_ecumenical_altar, serial_shops,
          nicolae_lakefront_shop, minmay_tromino_v2
D:3:      layout_loops_corners, slow_altar_1, overflow_temple_1_default,
          okawaru_ov_weapons_minmay, kennysheep_generic_room_4, uniq_ijyb,
          uniq_natasha
D:4:      layout_cave_pools, general_overflow_altar
D:5:      layout_basic, mainiacjoe_overflow_six_doors_small,
          hangedman_decor_points, uniq_eustachio
D:6:      layout_basic, nicolae_ru_great_annihilating_truth,
          fedhas_ov_isle_minmay, cheibrodos_sewer_entry_sluice,
          ebering_ghost_sewer_f, st_stairs_6
D:7:      layout_loops_ring, temple_statues, doesnt_shop_hydraphobe,
          uniq_menkaure
D:8:      layout_basic, ebering_ghost_funeral_grove, guppyfry_early_elven_hall
D:9:      gammafunk_indiana_jones, layout_cave_pools,
          mainiacjoe_overflow_surrounded_room, grunt_temple_overflow_open,
          dpeg_lair_monsters
D:10:     layout_roguey, zin_academy, kennysheep_generic_room_12, uniq_fannar,
          uniq_snorg
D:11:     layout_roguey
D:12:     layout_rooms, erik_orc_4, grunt_tough_drop
Lair:1:   gammafunk_lair_enchanted_lake, layout_chaotic_city, nzn_ghost_randoct,
          serial_bayou_shore_a
Lair:2:   layout_gridlike, minmay_snake_entry_guardpost_small,
          infiniplex_staircase_pool
Lair:3:   layout_cave_shapes, serial_forest, infiniplex_forest_lined_2,
          infiniplex_forest_end_double, infiniplex_forest_split,
          infiniplex_forest_clump_diagonal, infiniplex_forest_clump_double,
          infiniplex_forest_straight_1, infiniplex_forest_straight_4,
          grunt_forest_large_clearing_hut
Lair:4:   layout_roguey, palyth_hydra_swamp_entry,
          nicolae_volcano_entry_two_sided, serial_bayou_shore_b
Lair:5:   layout_roguey, maelrawn_ghost_gauntlet_escape,
          infiniplex_staircase_pool_2
Lair:6:   due_jungle_book, layout_regular_city, slime_altar_1
Orc:1:    layout_diamond_mine, basic_altar, uniq_nergalle, uniq_gastronok
Orc:2:    st_orc_mages, layout_caves, basic_altar, bloody_makhleb, uniq_jorgrun,
          uniq_sonja, uniq_donald

Skill      XL: |  1  2  3  4  5  6  7  8  9 10 11 12 13 14 |
---------------+-------------------------------------------+-----
Axes           | 3 4 5 6 7 9 11 12 14 15 16 17 | 17.3
Fighting       | 4 5 7 8 10 11 | 11.0
Shields        | 4 5 6 7 8 9 10 12 13 14 | 14.8
Armour         | 4 5 6 7 8 9 10 11 12 13 | 13.1
Invocations    | 1 2 4 5 6 7 8 9 10 | 10.0
Dodging        | 3 5 6 |  6.0

Action                   |  1- 3 |  4- 6 |  7- 9 | 10-12 | 13-15 || total
-------------------------+-------+-------+-------+-------+-------++-------
Melee: War axe           |   139 |   113 |   194 |       |       ||   446
       Headbutt          |    10 |    23 |    63 |   103 |   181 ||   380
       Broad axe         |       |       |   119 |   476 |   739 ||  1334
Invok: Heroism           |       |       |     2 |     3 |     6 ||    11
       Finesse           |       |       |       |     3 |     6 ||     9
Evoke: Wand              |       |       |       |     3 |       ||     3
  Use: Scroll            |       |     3 |     1 |    10 |     8 ||    22
 Stab: Paralysed         |       |       |     1 |     3 |       ||     4
Armor: Scale mail        |    32 |       |       |       |       ||    32
       Plate armour      |    27 |    62 |   118 |   163 |   185 ||   555
Dodge: Dodged            |    36 |    22 |    58 |    91 |   127 ||   334
Block: Kite shield       |   121 |   103 |   308 |   388 |   503 ||  1423
       Reflection        |     1 |     1 |       |     1 |    16 ||    19
